[Event "SVK ECo-C Extraliga 2018-19"]
[Site "Slovakia"]
[Date "2019.04.12"]
[Round "9.5"]
[White "Vojtek, Vladimir"]
[Black "Jakubiec, Artur"]
[Result "0-1"]
[ECO "B21"]
[WhiteElo "2309"]
[BlackElo "2474"]
[Annotator "ChessBase"]
[PlyCount "112"]
[EventDate "2018.11.10"]
[EventType "team-tourn"]
[EventCountry "SVK"]
[SourceTitle "playchess.com"]
[Source "ChessBase"]
[SourceQuality "1"]
[WhiteTeam "Dubnica"]
[BlackTeam "Dunajov"]
[TimeControl "40/5400+30:1800+30"]

1. e4 c5 2. f4 d5 3. exd5 Nf6 4. Bb5+ Nbd7 5. c4 a6 6. Ba4 b5 7. cxb5 Nb6 8. Nc3 Nfxd5 9. Nf3 Nxa4 10. Qxa4 Nb6 11. Qe4 e6 12. Ne5 Qc7 13. a4 Bb7 14. Qe2 Nd7 15. bxa6 Bxa6 16. Nb5 Bxb5 17. Qxb5 Bd6 18. Nxd7 Qxd7 19. Qxd7+ Kxd7 20. Rf1 Rhb8 21. Rf3 Rb4 22. b3 Rxf4 23. Rxf4 Bxf4 24. h3 Be5 25. Rb1 Kc6 26. Ke2 Rb8 27. d3 Bc3 28. Bd2 Bb4 29. Be3 Kd5 30. Rc1 e5 31. g4 f6 32. Rb1 g6 33. Rf1 Rf8 34. Rg1 Rf7 35. h4 Bc3 36. h5 Rb7 37. Rb1 f5 38. gxf5 gxf5 39. Kf3 Bd4 40. Bd2 e4+ 41. dxe4+ fxe4+ 42. Ke2 Rg7 43. Rd1 Rg2+ 44. Kf1 Rh2 45. b4 cxb4 46. Bxb4 e3 47. Re1 Rf2+ 48. Kg1 Rb2 49. Be7 e2+ 50. Kg2 Bc3 51. Bh4 Bxe1 52. Bxe1 Ke4 53. Kf2 Kd3 54. a5 Rb7 55. Kg2 Rf7 56. a6 Ra7 0-1

[Event "SVK ECo-C Extraliga 2018-19"]
[Site "Slovakia"]
[Date "2019.04.12"]
[Round "9.5"]
[White "Szegi, Tamas"]
[Black "Vass, Frantisek"]
[Result "1-0"]
[ECO "C02"]
[WhiteElo "2195"]
[BlackElo "2314"]
[Annotator "NA"]
[PlyCount "83"]
[EventDate "2018.11.10"]
[EventType "team-tourn"]
[EventCountry "SVK"]
[SourceTitle "playchess.com"]
[Source "ChessBase"]
[SourceQuality "1"]
[WhiteTeam "Komarno"]
[BlackTeam "Podhajska"]
[TimeControl "40/5400+30:1800+30"]

1. e4 e6 2. d4 d5 3. e5 c5 4. c3 Bd7 5. Nf3 Qb6 6. Be2 Bb5 7. c4 Bxc4 8. Bxc4 Qb4+ 9. Nbd2 dxc4 10. a3 Qa5 11. O-O Qa6 12. dxc5 Nd7 13. Qe2 Bxc5 14. Nxc4 b5 15. Ncd2 Ne7 $16 16. Ne4 Nd5 17. Nxc5 Nxc5 18. Nd4 O-O 19. b4 Nd7 20. Bb2 Rab8 21. f4 Qb6 22. Kh1 a6 23. f5 exf5 24. Nxf5 Qe6 25. Rad1 N7b6 26. Qg4 Qg6 27. Qf3 Rbd8 28. Rd4 Qe6 29. Qg4 g6 30. Qg5 Kh8 31. Nd6 Rd7 32. Rh4 f6 33. exf6 Qe2 34. Rb1 Kg8 35. f7+ Rfxf7 36. Qxg6+ Kf8 37. Qh6+ Kg8 38. Nxf7 Rxf7 39. Qg5+ Kf8 40. h3 Ke8 41. Qg8+ Rf8 42. Qg3 1-0

[Event "SVK ECo-C Extraliga 2018-19"]
[Site "Slovakia"]
[Date "2019.04.12"]
[Round "9.6"]
[White "Haring, Viktor"]
[Black "Kostelny, Jozef"]
[Result "1-0"]
[ECO "B66"]
[WhiteElo "2287"]
[BlackElo "2220"]
[Annotator "NA"]
[PlyCount "55"]
[EventDate "2018.11.10"]
[EventType "team-tourn"]
[EventCountry "SVK"]
[SourceTitle "playchess.com"]
[Source "ChessBase"]
[SourceQuality "1"]
[WhiteTeam "Liptovska"]
[BlackTeam "Zilina"]
[TimeControl "40/5400+30:1800+30"]

1. e4 c5 2. Nf3 Nc6 3. d4 cxd4 4. Nxd4 Nf6 5. Nc3 d6 6. Bg5 e6 7. Qd2 a6 8. O-O-O Be7 9. f4 Nxd4 10. Qxd4 b5 11. Be2 Rb8 12. e5 dxe5 13. Qxe5 Qb6 14. Ne4 Nxe4 15. Qxe4 f6 16. Bh5+ Kf8 17. Bh4 Bb7 18. Qe2 Rd8 19. Rxd8+ Bxd8 20. Bf2 Qc7 21. Qxe6 g6 22. Rd1 Bc8 23. Qd5 Kg7 24. Bf3 Qxf4+ 25. Kb1 Re8 26. Qc6 Bf5 27. Qxe8 Qc4 28. Qe2 1-0

[Event "SVK ECo-C Extraliga 2018-19"]
[Site "Slovakia"]
[Date "2019.04.12"]
[Round "9.6"]
[White "Holtman, Teodor"]
[Black "Mikrut, Dariusz"]
[Result "1/2-1/2"]
[ECO "B28"]
[WhiteElo "2261"]
[BlackElo "2375"]
[Annotator "NA"]
[PlyCount "48"]
[EventDate "2018.11.10"]
[EventType "team-tourn"]
[EventCountry "SVK"]
[SourceTitle "playchess.com"]
[Source "ChessBase"]
[SourceQuality "1"]
[WhiteTeam "Snina"]
[BlackTeam "Prakovce"]
[TimeControl "40/5400+30:1800+30"]

1. e4 c5 2. Nf3 a6 3. Nc3 b5 4. d4 e6 (4... cxd4 5. Nxd4 Bb7 6. Bd3 Nc6 7. Nxc6 Bxc6 8. O-O e6 9. Re1 Nf6 10. e5 b4 11. exf6 bxc3 12. fxg7 Bxg7 13. b3 Qh4 14. g3 Qd4 15. Qh5 Qd5 16. Qxd5 Bxd5 {1-0 (44) Guseinov,G (2667)-Romanov,E (2614) Hoogeveen 2018}) 5. dxc5 Bxc5 6. Bd3 {[%emt 0:00:10] B28: Sicilian: 2 Nf3 a6 (O'Kelly Variation)} Bb7 7. O-O d6 8. Qe2 Nd7 9. Bd2 Ne7 10. a3 Nc6 11. b4 $146 ({Predecessor:} 11. Rad1 O-O 12. Bf4 {1-0 (39) Dzhumaev,M (2557)-Drazic,S (2441) Kolkata 2013}) 11... Nd4 12. Nxd4 Bxd4 13. a4 bxa4 14. Rxa4 O-O 15. Rfa1 Qf6 16. R1a3 Rac8 17. Nd1 Ne5 18. Ne3 Nxd3 19. Qxd3 Bxe3 20. Bxe3 Qb2 $11 (20... Qg6 $15 21. Rxa6 Bxa6 22. Rxa6 Rb8) 21. c4 Bc6 22. Rxa6 Qxb4 23. Bd2 Qb7 24. Ra7 Qb2 1/2-1/2

[Event "SVK ECo-C Extraliga 2018-19"]
[Site "Slovakia"]
[Date "2019.04.12"]
[Round "9.6"]
[White "Gazik, Igor"]
[Black "Kukel, Imre"]
[Result "1-0"]
[ECO "B26"]
[WhiteElo "2253"]
[BlackElo "2258"]
[Annotator "NA"]
[PlyCount "63"]
[EventDate "2018.11.10"]
[EventType "team-tourn"]
[EventCountry "SVK"]
[SourceTitle "playchess.com"]
[Source "ChessBase"]
[SourceQuality "1"]
[WhiteTeam "Podhajska"]
[BlackTeam "Komarno"]
[TimeControl "40/5400+30:1800+30"]

1. e4 c5 2. Nc3 Nc6 3. g3 g6 4. Bg2 Bg7 5. d3 d6 6. Be3 e5 7. Qd2 Be6 8. Nge2 Qd7 9. f4 b6 10. O-O Nge7 11. Rf2 O-O 12. Raf1 f5 $11 13. Nd5 Rab8 14. c3 Rbc8 15. b3 Rf7 16. Kh1 Rff8 17. Rc1 Rcd8 18. Rff1 Kh8 19. a3 Na5 20. Qa2 Bxd5 21. exd5 Qb5 22. fxe5 dxe5 23. Bg5 Bf6 24. Bxf6+ Rxf6 25. b4 Nb7 26. c4 Qd7 27. Qb2 Qd6 28. Rfe1 cxb4 29. axb4 a5 30. Nf4 Qxb4 31. Qxe5 Ng8 32. Qc7 1-0

[Event "SVK ECo-C Extraliga 2018-19"]
[Site "Slovakia"]
[Date "2019.04.12"]
[Round "9.6"]
[White "Jozefek, Michal"]
[Black "Maslik, Miroslav"]
[Result "1-0"]
[ECO "D87"]
[WhiteElo "2192"]
[BlackElo "2366"]
[Annotator "NA"]
[PlyCount "42"]
[EventDate "2018.11.10"]
[EventType "team-tourn"]
[EventCountry "SVK"]
[SourceTitle "playchess.com"]
[Source "ChessBase"]
[SourceQuality "1"]
[WhiteTeam "Osuske"]
[BlackTeam "Modra"]
[TimeControl "40/5400+30:1800+30"]

1. d4 Nf6 2. c4 g6 3. Nc3 d5 4. cxd5 Nxd5 5. e4 Nxc3 6. bxc3 Bg7 7. Bc4 c5 8. Ne2 O-O 9. Be3 Nc6 10. Rc1 b6 11. h4 cxd4 12. cxd4 Bb7 13. h5 Na5 14. hxg6 hxg6 15. Bd3 Rc8 16. Rxc8 Qxc8 17. Qd2 Qg4 18. Bh6 Qxg2 19. Ng3 Bf6 20. Bxf8 Kxf8 21. Qe3 Nc6 1-0

[Event "SVK ECo-C Extraliga 2018-19"]
[Site "Slovakia"]
[Date "2019.04.12"]
[Round "9.7"]
[White "Jacko, Vladimir"]
[Black "Pcola, Pavol"]
[Result "0-1"]
[ECO "A06"]
[WhiteElo "2322"]
[BlackElo "2382"]
[Annotator "NA"]
[PlyCount "50"]
[EventDate "2018.11.10"]
[EventType "team-tourn"]
[EventCountry "SVK"]
[SourceTitle "playchess.com"]
[Source "ChessBase"]
[SourceQuality "1"]
[WhiteTeam "Prakovce"]
[BlackTeam "Snina"]
[TimeControl "40/5400+30:1800+30"]

1. Nf3 d5 2. g3 Nf6 3. Bg2 c6 4. O-O Bf5 5. d3 h6 6. Nbd2 e6 7. Re1 Be7 8. b3 O-O 9. Bb2 Nbd7 10. c4 Bh7 11. a3 a5 12. Qc2 Qb8 13. Bc3 b5 14. cxb5 cxb5 15. b4 Rc8 16. Qb3 axb4 17. Bxb4 Bc5 18. Qb2 Qb6 19. Bxc5 Nxc5 20. Rab1 Bxd3 21. Rbc1 Bh7 22. Ne5 Qa5 23. Nb3 Nxb3 24. Qxb3 Qd2 25. Rb1 Bxb1 0-1

[Event "SVK ECo-C Extraliga 2018-19"]
[Site "Slovakia"]
[Date "2019.04.12"]
[Round "9.7"]
[White "Schwarz, Dusan"]
[Black "Spacek, Oliver"]
[Result "1-0"]
[ECO "E70"]
[WhiteElo "2314"]
[BlackElo "2195"]
[Annotator "NA"]
[PlyCount "49"]
[EventDate "2018.11.10"]
[EventType "team-tourn"]
[EventCountry "SVK"]
[SourceTitle "playchess.com"]
[Source "ChessBase"]
[SourceQuality "1"]
[WhiteTeam "Modra"]
[BlackTeam "Osuske"]
[TimeControl "40/5400+30:1800+30"]

1. d4 Nf6 2. c4 c5 3. d5 g6 4. Nc3 d6 5. e4 Bg7 6. Bd3 O-O 7. Nge2 e5 8. h3 a6 9. Be3 Qa5 10. Qd2 Nbd7 11. O-O b5 12. cxb5 axb5 13. Bxb5 Ba6 14. Bxa6 Rxa6 15. Rab1 Rb8 16. b3 Rb4 17. f3 h5 18. a4 Ne8 19. Nb5 c4 20. bxc4 Rxc4 21. Qxa5 Rxa5 22. Nbc3 Nc5 23. Rb8 Kf8 24. Nb5 Ke7 25. Rxe8+ 1-0

[Event "SVK ECo-C Extraliga 2018-19"]
[Site "Slovakia"]
[Date "2019.04.12"]
[Round "9.7"]
[White "Petran, Peter"]
[Black "Czebe, Attila"]
[Result "0-1"]
[ECO "A04"]
[WhiteElo "2242"]
[BlackElo "2400"]
[Annotator "NA"]
[PlyCount "130"]
[EventDate "2018.11.10"]
[EventType "team-tourn"]
[EventCountry "SVK"]
[SourceTitle "playchess.com"]
[Source "ChessBase"]
[SourceQuality "1"]
[WhiteTeam "Slovan"]
[BlackTeam "Streda"]
[TimeControl "40/5400+30:1800+30"]

1. Nf3 b6 2. e4 Bb7 3. Nc3 e6 4. d4 Bb4 5. Bd3 Nf6 6. Qe2 d5 7. exd5 Qxd5 8. Bd2 {[%emt 0:04:34] B00: Queen's Fianchetto Defence, Nimzowitsch Defence} (8. O-O Bxc3 9. bxc3 Nbd7 10. c4 Qh5 11. Bf4 Rc8 12. a4 a5 13. Rab1 O-O 14. Rb5 c5 15. dxc5 Rxc5 {0-1 (29) Eljanov,P (2734)-Carlsen,M (2827) Douglas 2017}) 8... Bxc3 9. Bxc3 O-O 10. Bb4 Re8 11. c4 Qh5 12. O-O-O Bxf3 $146 ({Predecessor:} 12... Na6 13. Bc3 Nd7 14. h3 c5 15. Be4 Bxe4 16. Qxe4 cxd4 17. Qxd4 Ndc5 18. Qxg7# {1-0 (18) Simon,M (1907)-Mueller,L (1591) Nuremberg 2011}) 13. gxf3 Nc6 14. Bc3 e5 15. d5 Nd4 16. Qe3 Nd7 17. f4 Nc5 18. Bxd4 exd4 19. Qxd4 Rad8 20. Rhg1 Qh6 21. Rg4 c6 22. Bc2 cxd5 23. cxd5 g6 24. Kb1 Qh5 $2 (24... Qxh2 $11 {and Black stays safe.} 25. b4 Nd7) 25. f5 Rxd5 26. Rxg6+ hxg6 27. Qxd5 $18 g5 28. b4 Ne4 29. Bxe4 Rxe4 30. Qxe4 Qxd1+ 31. Kb2 Qd2+ 32. Kb3 Qxf2 33. Qe8+ Kg7 34. Qe5+ Kh7 35. Qf6 Qe3+ 36. Kc2 Kg8 37. h3 b5 38. a3 Qf2+ 39. Kb1 Qd2 40. Ka1 Qc1+ 41. Ka2 a6 42. Qd8+ Kg7 43. Qd4+ f6 44. Qd7+ Kh6 45. Qe6 Qc2+ 46. Ka1 Qc3+ 47. Ka2 Qe5 48. Qc8 Qd5+ 49. Kb2 Qe5+ 50. Ka2 Kg7 51. Qd7+ Kf8 52. Qd8+ Kf7 53. Qd7+ Qe7 54. Qc8 Kg7 55. Qc2 Qd7 56. Qe4 Kh6 57. Qg4 Qd2+ 58. Kb1 Qc3 59. Ka2 Qc2+ 60. Ka1 Qb3 61. h4 Qxa3+ 62. Kb1 Qd3+ 63. Kb2 Qd2+ 64. Kb3 Qe3+ 65. Kc2 Qf2+ 0-1

[Event "SVK ECo-C Extraliga 2018-19"]
[Site "Slovakia"]
[Date "2019.04.12"]
[Round "9.7"]
[White "Bombek, Peter"]
[Black "Matejovic, Juraj"]
[Result "1/2-1/2"]
[ECO "B22"]
[WhiteElo "2195"]
[BlackElo "2244"]
[Annotator "NA"]
[PlyCount "73"]
[EventDate "2018.11.10"]
[EventType "team-tourn"]
[EventCountry "SVK"]
[SourceTitle "playchess.com"]
[Source "ChessBase"]
[SourceQuality "1"]
[WhiteTeam "Dubnica"]
[BlackTeam "Dunajov"]
[TimeControl "40/5400+30:1800+30"]

1. e4 c5 2. c3 d5 3. exd5 Qxd5 4. d4 cxd4 5. cxd4 Nc6 6. Nf3 e5 7. Nc3 Bb4 8. Bd2 Bxc3 9. Bxc3 e4 10. Ne5 Nxe5 11. dxe5 Ne7 12. Qb3 Qxb3 13. axb3 O-O 14. Bc4 Re8 15. O-O Bf5 16. h3 Ng6 17. Bd5 Re7 18. Rfe1 Nxe5 19. Bxe4 Bxe4 20. Rxe4 Nc6 21. Rxe7 Nxe7 22. Rd1 Nc6 23. Rd7 b5 24. Rc7 Nd8 25. b4 Ne6 26. Rb7 a6 27. g3 h5 28. Kg2 h4 29. Rb6 hxg3 30. fxg3 Ng5 31. Rc6 Ne4 32. Kf3 Ng5+ 33. Kg4 Ne4 34. h4 Nxc3 35. bxc3 a5 36. bxa5 Rxa5 37. Rc5 1/2-1/2

[Event "SVK ECo-C Extraliga 2018-19"]
[Site "Slovakia"]
[Date "2019.04.12"]
[Round "9.7"]
[White "Kopera, Michal"]
[Black "Plachetka, Jan"]
[Result "0-1"]
[ECO "B44"]
[WhiteElo "2136"]
[BlackElo "2291"]
[Annotator "NA"]
[PlyCount "78"]
[EventDate "2018.11.10"]
[EventType "team-tourn"]
[EventCountry "SVK"]
[SourceTitle "playchess.com"]
[Source "ChessBase"]
[SourceQuality "1"]
[WhiteTeam "Zilina"]
[BlackTeam "Liptovska"]
[TimeControl "40/5400+30:1800+30"]

1. e4 c5 2. Nf3 e6 3. d4 cxd4 4. Nxd4 Nc6 5. c4 Nf6 6. Nc3 Bb4 7. Nxc6 bxc6 8. Bd3 e5 9. O-O O-O 10. Bg5 h6 11. Bh4 Be7 12. Bg3 d6 13. c5 Be6 14. cxd6 Qxd6 15. Be2 Qd4 16. Qc2 Rfd8 17. Rfd1 Qc5 18. Rac1 Rd4 19. Qb1 Qa5 20. f3 Bc5 21. Bf2 Rxd1+ 22. Rxd1 Bd4 23. Qc2 Rd8 24. Na4 c5 25. b3 Nd7 26. Bc4 Bxc4 27. Qxc4 Nb6 28. Qc2 Nxa4 29. bxa4 Rb8 30. Bxd4 exd4 31. Rc1 Rc8 32. Qc4 Qd2 33. h3 Rc6 34. Rc2 Qe3+ 35. Kh2 d3 36. Qd5 dxc2 37. Qxc6 Qf4+ 38. g3 Qd2+ 39. Kg1 c1=R# 0-1

[Event "SVK ECo-C Extraliga 2018-19"]
[Site "Slovakia"]
[Date "2019.04.12"]
[Round "9.7"]
[White "Joba, Arpad"]
[Black "Maslikova, Veronika"]
[Result "0-1"]
[ECO "B22"]
[WhiteElo "2054"]
[BlackElo "2225"]
[Annotator "NA"]
[PlyCount "98"]
[EventDate "2018.11.10"]
[EventType "team-tourn"]
[EventCountry "SVK"]
[SourceTitle "playchess.com"]
[Source "ChessBase"]
[SourceQuality "1"]
[WhiteTeam "Komarno"]
[BlackTeam "Podhajska"]
[TimeControl "40/5400+30:1800+30"]

1. e4 c5 2. c3 d5 3. exd5 Qxd5 4. d4 e6 5. Nf3 Nf6 6. Na3 a6 7. Nc4 Nbd7 8. Be3 b5 9. Nce5 cxd4 10. Bxd4 Nxe5 11. Nxe5 Bb7 12. Qb3 Qe4+ 13. Be2 Bd5 14. f3 Bxb3 15. fxe4 Bc2 16. Nd3 Nxe4 17. O-O Nd2 18. Rf2 Nc4 19. Bf1 Bxd3 20. Bxd3 Nd6 21. a4 Rb8 22. axb5 axb5 23. Ra7 f6 24. Rxf6 gxf6 25. Bxf6 Ne4 26. Bxh8 Bc5+ 27. Bd4 Bxa7 28. Bxa7 Ra8 29. Bxe4 Rxa7 30. Bc6+ Ke7 31. Bxb5 Ra1+ 32. Bf1 Rb1 33. b4 Rb3 34. Bd3 h6 35. Kf2 Rxc3 36. Ke3 Rb3 37. b5 Kd6 38. g4 Rb2 39. Be2 Ke5 40. h4 Rb4 41. h5 Rb1 42. Bd3 Rb3 43. g5 hxg5 44. h6 Kf6 45. h7 Kg7 46. Kd4 g4 47. Kc4 g3 48. Be4 Rb2 49. Kc3 Rxb5 0-1

[Event "SVK ECo-C Extraliga 2018-19"]
[Site "Slovakia"]
[Date "2019.04.12"]
[Round "9.8"]
[White "Farkas, Gabor"]
[Black "Kostolansky, Sebastian Lukas"]
[Result "1/2-1/2"]
[ECO "E01"]
[WhiteElo "2370"]
[BlackElo "2308"]
[Annotator "NA"]
[PlyCount "104"]
[EventDate "2018.11.10"]
[EventType "team-tourn"]
[EventCountry "SVK"]
[SourceTitle "playchess.com"]
[Source "ChessBase"]
[SourceQuality "1"]
[WhiteTeam "Streda"]
[BlackTeam "Slovan"]
[TimeControl "40/5400+30:1800+30"]

1. d4 Nf6 2. c4 e6 3. Nf3 d5 4. g3 Bb4+ 5. Bd2 Bd6 6. Bg2 O-O 7. O-O Nbd7 8. b3 c6 9. Nc3 b6 {[%emt 0:03:55] E01: Catalan: Early deviations} (9... Re8 10. Qc2 dxc4 11. bxc4 e5 12. e3 exd4 13. exd4 Nf8 14. Rab1 Rb8 15. d5 cxd5 16. cxd5 a6 17. Nd4 {½-½ (65) Cheparinov,I (2712)-Zubov,A (2611) Ankara 2018}) 10. e4 Nxe4 11. Nxe4 dxe4 12. Ng5 Nf6 13. Nxe4 Nxe4 14. Bxe4 Bb7 15. Qc2 f5 16. Bg2 Qf6 $146 ({Predecessor:} 16... e5 17. c5 bxc5 18. dxe5 Bxe5 {½-½ (34) Li,X (2275)-Zhang,X (2327) China 2018}) 17. Bc3 Qf7 18. f4 c5 19. Bxb7 Qxb7 20. Qg2 Qxg2+ 21. Kxg2 cxd4 22. Bxd4 Rfd8 23. Rad1 Rd7 $11 24. Be5 Rad8 25. Bxd6 Rxd6 26. Rxd6 Rxd6 27. Kf3 Kf7 28. Ke3 Kf6 29. Rc1 Rc6 30. Rd1 Ke7 31. Rd4 h6 32. h4 Rc8 33. h5 a5 34. a3 g6 35. hxg6 Rg8 36. Kf3 Rxg6 37. c5 bxc5 38. Ra4 Rg8 39. Rxa5 Rb8 40. b4 cxb4 41. axb4 Rxb4 42. Ra7+ Kf6 43. Rh7 Kg6 44. Re7 Rb6 45. Re8 Rc6 46. Rg8+ Kf7 47. Rh8 Kg7 48. Re8 h5 49. Re7+ Kg6 50. Re8 Kg7 51. Re7+ Kg6 52. Re8 Kg7 1/2-1/2

[Event "SVK ECo-C Extraliga 2018-19"]
[Site "Slovakia"]
[Date "2019.04.12"]
[Round "9.8"]
[White "Pinter, Erik"]
[Black "Zambor, Norbert"]
[Result "1-0"]
[ECO "B30"]
[WhiteElo "2341"]
[BlackElo "2292"]
[Annotator "NA"]
[PlyCount "63"]
[EventDate "2018.11.10"]
[EventType "team-tourn"]
[EventCountry "SVK"]
[SourceTitle "playchess.com"]
[Source "ChessBase"]
[SourceQuality "1"]
[WhiteTeam "Snina"]
[BlackTeam "Prakovce"]
[TimeControl "40/5400+30:1800+30"]

1. e4 c5 2. Nf3 Nc6 3. Nc3 e5 4. Bc4 g6 5. d3 h6 6. Nd2 Bg7 7. Nf1 d6 8. Ne3 a6 9. a4 Nf6 10. O-O O-O 11. Bd2 Kh7 12. Kh1 Be6 13. Ncd5 Ne7 14. Nxf6+ Bxf6 15. a5 Bg7 16. b4 Bxc4 17. Nxc4 Rc8 18. Rb1 Rc7 19. bxc5 dxc5 20. f4 Nc6 $18 (20... f5 $16 {might work better.}) 21. fxe5 Nxe5 22. Bf4 Qe7 23. Qe1 Re8 24. Rb3 f6 25. Bxe5 fxe5 26. Qg3 Rf8 27. Rbb1 Rxf1+ 28. Rxf1 Rc6 29. Rf3 Rf6 30. Nxe5 Rxf3 31. Qxg6+ Kg8 32. Nxf3 1-0

[Event "SVK ECo-C Extraliga 2018-19"]
[Site "Slovakia"]
[Date "2019.04.12"]
[Round "9.8"]
[White "Hros, Roman"]
[Black "Koren, Jan"]
[Result "1-0"]
[ECO "B10"]
[WhiteElo "2195"]
[BlackElo "2115"]
[Annotator "NA"]
[PlyCount "81"]
[EventDate "2018.11.10"]
[EventType "team-tourn"]
[EventCountry "SVK"]
[SourceTitle "playchess.com"]
[Source "ChessBase"]
[SourceQuality "1"]
[WhiteTeam "Liptovska"]
[BlackTeam "Zilina"]
[TimeControl "40/5400+30:1800+30"]

1. e4 c6 2. c3 d5 3. d3 dxe4 4. dxe4 Qxd1+ 5. Kxd1 Nf6 6. f3 e5 7. Be3 Be6 8. Nh3 h6 9. Nf2 Nbd7 10. Kc2 O-O-O 11. b4 Kb8 12. Nd2 Bd6 13. Bc4 Bxc4 14. Nxc4 Bc7 15. a4 Nb6 16. Nd2 Nc8 17. Nd3 Rhe8 18. b5 cxb5 19. axb5 Bb6 20. Nc4 Bxe3 21. Nxe3 g6 22. Rhd1 Nd6 23. c4 Nh5 24. Kb3 f5 25. exf5 gxf5 26. g4 Ng7 27. Nc5 e4 28. fxe4 Nxe4 29. Nxe4 Rxd1 30. Rxd1 fxe4 31. Kc3 Ne6 32. Rd5 Nf4 33. Rd6 h5 34. g5 Kc7 35. Rf6 Ne6 36. Nd5+ Kd6 37. Nf4 Ke5 38. Nxe6 Rxe6 39. Rxe6+ Kxe6 40. c5 h4 41. Kd4 1-0

[Event "SVK ECo-C Extraliga 2018-19"]
[Site "Slovakia"]
[Date "2019.04.12"]
[Round "9.8"]
[White "Kantorik, Marian"]
[Black "Kovacik, Emil"]
[Result "1/2-1/2"]
[ECO "D37"]
[WhiteElo "2188"]
[BlackElo "2093"]
[Annotator "NA"]
[PlyCount "45"]
[EventDate "2018.11.10"]
[EventType "team-tourn"]
[EventCountry "SVK"]
[SourceTitle "playchess.com"]
[Source "ChessBase"]
[SourceQuality "1"]
[WhiteTeam "Dunajov"]
[BlackTeam "Dubnica"]
[TimeControl "40/5400+30:1800+30"]

1. d4 d5 2. Nf3 Nf6 3. c4 e6 4. Nc3 Be7 5. cxd5 exd5 6. Bf4 c6 7. e3 Bf5 8. Bd3 Bxd3 9. Qxd3 Nbd7 10. h3 Nb6 11. O-O O-O 12. Rfc1 Re8 13. Rab1 a5 14. Nd2 h6 15. a3 a4 16. Na2 Ra7 17. b4 axb3 18. Rxb3 Na4 19. Qb1 Qa8 20. Be5 Nd7 21. Bf4 Nf6 22. Be5 Nd7 23. Bf4 1/2-1/2

[Event "SVK ECo-C Extraliga 2018-19"]
[Site "Slovakia"]
[Date "2019.04.12"]
[Round "9.8"]
[White "Gasa, Patrik"]
[Black "Banas, Kamil"]
[Result "1-0"]
[ECO "D37"]
[WhiteElo "2180"]
[BlackElo "2287"]
[Annotator "NA"]
[PlyCount "55"]
[EventDate "2018.11.10"]
[EventType "team-tourn"]
[EventCountry "SVK"]
[SourceTitle "playchess.com"]
[Source "ChessBase"]
[SourceQuality "1"]
[WhiteTeam "Osuske"]
[BlackTeam "Modra"]
[TimeControl "40/5400+30:1800+30"]

1. d4 d5 2. c4 e6 3. Nc3 Nf6 4. Nf3 Be7 5. Bf4 O-O 6. e3 b6 7. cxd5 Nxd5 8. Nxd5 Qxd5 9. a3 c5 10. dxc5 Qxc5 11. Rc1 Qa5+ 12. Qd2 Qxd2+ 13. Nxd2 Bf6 14. Bd3 Bb7 15. Rc7 Bxg2 16. Rg1 Bc6 17. b4 Bd8 18. Rc8 Bf6 19. Bxh7+ Kxh7 20. Rxf8 Nd7 21. Rxa8 Bxa8 22. Ke2 Bb7 23. Rc1 Ba6+ 24. Kd1 Bb5 25. Rc7 a5 26. Ne4 Bb2 27. Kc2 Bxa3 28. Nc3 1-0

[Event "SVK ECo-C Extraliga 2018-19"]
[Site "Slovakia"]
[Date "2019.04.12"]
[Round "9.8"]
[White "Szucs, Vladimir"]
[Black "Viczencz, Peter"]
[Result "1/2-1/2"]
[ECO "A60"]
[WhiteElo "2155"]
[BlackElo "2060"]
[Annotator "NA"]
[PlyCount "123"]
[EventDate "2018.11.10"]
[EventType "team-tourn"]
[EventCountry "SVK"]
[SourceTitle "playchess.com"]
[Source "ChessBase"]
[SourceQuality "1"]
[WhiteTeam "Podhajska"]
[BlackTeam "Komarno"]
[TimeControl "40/5400+30:1800+30"]

1. d4 Nf6 2. c4 c5 3. d5 e6 4. Nc3 exd5 5. cxd5 d6 6. Nf3 a6 7. a4 g6 8. Bf4 Bg7 9. h3 O-O 10. e3 Qc7 11. Nd2 Re8 12. Nc4 Bf8 13. Be2 Nbd7 14. O-O Rb8 15. a5 b5 16. axb6 Nxb6 17. Na5 Ra8 18. Qd2 Bb7 19. Nxb7 Qxb7 20. Rfd1 Nfd7 21. e4 c4 22. Be3 Rac8 23. Ra5 Bg7 24. Qc2 Nb8 25. Rda1 Re7 26. Bg5 Rec7 27. Bf4 Rd8 28. R1a2 Bd4 29. Qd2 Bg7 30. Be3 N6d7 31. R5a4 Rdc8 32. Bg4 h5 33. Bxd7 Rxd7 34. Bd4 Bxd4 35. Qxd4 Rdc7 36. Nd1 Rc5 37. R2a3 Qb5 38. Qc3 R5c7 39. Rb4 Qe8 40. Qd4 Nd7 41. Nc3 Rb8 42. Rxc4 Rxc4 43. Qxc4 Rxb2 44. Rxa6 Rc2 45. Qd4 Rc1+ 46. Kh2 Qe5+ 47. Qxe5 Nxe5 48. Nb5 Rc2 49. Nxd6 Rxf2 50. Ra1 h4 51. Rd1 Re2 52. Kg1 Kf8 53. Kf1 Rb2 54. Rd4 Ke7 55. Nc4 Nxc4 56. Rxc4 Kd6 57. Rc1 Rd2 58. Re1 Ke5 59. Re2 Rd1+ 60. Kf2 f5 61. exf5+ Kxf5 62. Re8 1/2-1/2

[Event "SVK ECo-C Extraliga 2018-19"]
[Site "Slovakia"]
[Date "2019.04.13"]
[Round "10.1"]
[White "Sipos, Istvan"]
[Black "Cernousek, Lukas"]
[Result "1/2-1/2"]
[ECO "B90"]
[WhiteElo "2472"]
[BlackElo "2438"]
[Annotator "ChessBase"]
[PlyCount "85"]
[EventDate "2018.11.10"]
[EventType "team-tourn"]
[EventCountry "SVK"]
[SourceTitle "playchess.com"]
[Source "ChessBase"]
[SourceQuality "1"]
[WhiteTeam "Komarno"]
[BlackTeam "Dubnica"]
[TimeControl "40/5400+30:1800+30"]

1. e4 c5 2. Nf3 d6 3. d4 Nf6 4. Nc3 cxd4 5. Nxd4 a6 6. a3 g6 7. Be2 Bg7 8. O-O Nbd7 9. Nb3 b6 10. f4 Bb7 11. Bf3 Rc8 12. Qe1 e5 13. f5 gxf5 14. exf5 Bxf3 15. Rxf3 O-O 16. Bg5 h6 17. Bh4 Qc7 18. Rd1 e4 19. Nxe4 Nxe4 20. Qxe4 Qxc2 21. Qxc2 Rxc2 22. Rxd6 Ne5 23. Rf2 Rfc8 24. Rd8+ Rxd8 25. Bxd8 Rxf2 26. Kxf2 Nd3+ 27. Ke2 Nxb2 28. Bxb6 Na4 29. Ba5 Be5 30. h3 Kg7 31. Kf3 Kf6 32. Ke4 Bd6 33. Bb4 Bxb4 34. axb4 Nc3+ 35. Kd4 Na2 36. Kc4 Kxf5 37. Nc5 Kf4 38. Nxa6 Nxb4 39. Nxb4 Kg3 40. Nd5 Kxg2 41. h4 Kg3 42. h5 Kg4 43. Kd4 1/2-1/2

[Event "SVK ECo-C Extraliga 2018-19"]
[Site "Slovakia"]
[Date "2019.04.13"]
[Round "10.1"]
[White "Mazur, Stefan"]
[Black "Cvek, Robert"]
[Result "1-0"]
[ECO "C18"]
[WhiteElo "2435"]
[BlackElo "2524"]
[Annotator "ChessBase"]
[PlyCount "73"]
[EventDate "2018.11.10"]
[EventType "team-tourn"]
[EventCountry "SVK"]
[SourceTitle "playchess.com"]
[Source "ChessBase"]
[SourceQuality "1"]
[WhiteTeam "Liptovska"]
[BlackTeam "Osuske"]
[TimeControl "40/5400+30:1800+30"]

1. e4 e6 2. d4 d5 3. Nc3 Bb4 4. e5 c5 5. a3 Bxc3+ 6. bxc3 Ne7 7. Qg4 O-O 8. Bd3 Nbc6 9. Qh5 Ng6 10. Nf3 Qc7 11. Be3 Nce7 12. Rb1 Qa5 13. dxc5 Qxc3+ 14. Bd2 Qxc5 15. Rb4 f5 16. exf6 Rxf6 17. O-O a5 18. Rh4 Nxh4 19. Qxh7+ Kf8 20. Qh8+ Ng8 21. Nxh4 Bd7 22. Bg5 Qd4 23. Bxf6 Qxf6 24. Ng6+ Kf7 25. Re1 Rc8 26. Qh5 Nh6 27. g4 Qc3 28. Re3 Qa1+ 29. Kg2 Bc6 30. Ne5+ Ke7 31. Qg5+ Kd6 32. Qxg7 Rg8 33. Nf7+ Nxf7 34. Rxe6+ Kxe6 35. Bf5+ Kd6 36. Qxa1 d4+ 37. Kg3 1-0